 Dungeon Crawl Stone Soup version 0.20-a0-1124-g2e29d97 (webtiles) character file.

81 poirepourri the Grave Robber (level 4, 30/30 HPs)
             Began as a Mummy Necromancer on May 15, 2017.
             Quit the game on level 2 of the Dungeon.
             The game lasted 00:03:52 (2211 turns).

poirepourri the Grave Robber (Mummy Necromancer)    Turns: 2211, Time: 00:03:53

Health: 30/30      AC:  3    Str: 11    XL:     4   Next: 19%
Magic:  10/10      EV: 12    Int: 15    God:
Gold:   105        SH:  0    Dex: 12    Spells: 2/11 levels left

rFire    x . .     SeeInvis .   c - +0 short sword (curse)
rCold    + . .     Gourm    .   (no shield)
rNeg     + + +     Faith    .   a - +1 robe
rPois    ∞         Spirit   .   (no helmet)
rElec    .         Reflect  .   (no cloak)
rCorr    .         Harm     .   (no gloves)
MR       .....                  (no boots)
Stlth    ++........             (no amulet)
Regen    0.1/turn               (no ring)
MPRegen  0.2/turn               (no ring)

@: no status effects
A: no food or potions, fire vulnerability, cold resistance 1, negative energy
resistance 3, torment resistance, unbreathing
a: no special abilities


You were on level 2 of the Dungeon.
You were not hungry.

You visited 1 branch of the dungeon, and saw 2 of its levels.

You collected 105 gold pieces.

Inventory:

Hand Weapons
 c - a cursed +0 short sword (weapon)
Armour
 a - a +1 robe (worn)
Scrolls
 d - a scroll of remove curse {unknown}
Books
 b - a book of Necromancy

   Spells                             Type                      Level
   a - Pain                           Necromancy                   1
   b - Animate Skeleton               Necromancy                   1
   c - Vampiric Draining              Necromancy                   3
   d - Regeneration                   Charms/Necromancy            3
   e - Animate Dead                   Necromancy                   4
   f - Control Undead                 Necromancy                   4


   Skills:
 + Level 1.7 Dodging
 - Level 1.5 Stealth
 + Level 4.0 Spellcasting
 + Level 5.1 Necromancy


You had 2 spell levels left.
You knew the following spells:

 Your Spells              Type           Power        Failure   Level  Hunger
a - Pain                  Necr           ###.         2%          1    N/A
b - Animate Skeleton      Necr           N/A          2%          1    N/A
c - Vampiric Draining     Necr           ###.......   7%          3    N/A
d - Animate Dead          Necr           N/A          22%         4    N/A

Dungeon Overview and Level Annotations

Branches:
Dungeon (2/15)

Altars:
Gozag
Xom


Innate Abilities, Weirdness & Mutations

You do not eat or drink.
Your flesh is vulnerable to fire.
You are immune to poison.
Your flesh is cold resistant. (rC+)
You are immune to negative energy. (rN+++)
You are immune to unholy pain and torment.
You can survive without breathing.


Message History

Aiming: Pain
Press: ? - help, Shift-Dir - straight line, f - hobgoblin
Aim: a hobgoblin (chance to defeat MR: 89%)
The hobgoblin writhes in agony!
The hobgoblin hits you.
Casting: Pain
Confirm with . or Enter, or press ? or * to list all spells.
Aiming: Pain
Press: ? - help, Shift-Dir - straight line, f/p - hobgoblin
Aim: a hobgoblin (almost dead, chance to defeat MR: 89%)
The hobgoblin writhes in agony!
You kill the hobgoblin!
Your Spellcasting skill increases to level 4!
Items here: ( ))) a dagger; a hunting sling; an uncursed club; 19 stones You see here a club.
You see here a stone.
There is an escape hatch in the ceiling here.
A hobgoblin comes into view.
The hobgoblin shouts!
Are you sure you want to abandon this character and quit the game? (Confirm with "yes".)

####### #.....#
#.###.############
#<# #......<.....#
#.###.##########@#
#.....# #.......#
###.### ##.##.#.#
###.#### .#
.......# .#
.##.##.# g#
.##.##.######### .#
.##.....##....(##..
.#......#.......#


You could see a hobgoblin.

Vanquished Creatures
  4 adders (D:2)
  2 dart slugs
  3 giant cockroaches
  6 goblins
  4 hobgoblins
  4 jackals (D:2)
  A ball python (D:1)
  3 bats (D:1)
  4 frilled lizards
  5 kobolds
  7 rats
43 creatures vanquished.

Notes
Turn   | Place    | Note
-------+----------+-------------------------------------------
     0 | D:1      | poirepourri the Mummy Necromancer began the quest for the Orb.
     0 | D:1      | Reached XP level 1. HP: 13/13 MP: 4/4
   257 | D:1      | Reached XP level 2. HP: 16/19 MP: 0/5
   413 | D:1      | Learned a level 1 spell: Animate Skeleton
  1043 | D:2      | Reached XP level 3. HP: 24/24 MP: 2/7
  1188 | D:2      | Learned a level 3 spell: Vampiric Draining
  1438 | D:2      | Found a shimmering altar of Xom.
  1497 | D:2      | Reached skill level 5 in Necromancy
  1729 | D:2      | Reached XP level 4. HP: 30/30 MP: 5/9
  1974 | D:2      | Found an opulent altar of Gozag.
  2166 | D:2      | Learned a level 4 spell: Animate Dead
  2211 | D:2      | Quit the game

Vault maps used:
D:1:      lemuel_arrival_behind_the_door_small
D:2:      xom_teletrap_fun, lemuel_coloured_pillars_altar,
          nicolae_gozag_cash_rules_everything_around_me, minmay_tetromino_i4

Skill      XL: |  1  2  3  4 |
---------------+-------------+-----
Spellcasting   | 3 4 |  4.0
Necromancy     | 5 |  5.1
Dodging        | |  1.7
Stealth        | |  1.5

Action                   |  1- 3 |  4- 6 || total
-------------------------+-------+-------++-------
Melee: Short sword       |     1 |       ||     1
 Cast: Pain              |    72 |    11 ||    83
       Vampiric Draining |     1 |       ||     1
  Use: Scroll            |     3 |     1 ||     4
Armor: Robe              |    16 |       ||    16
Dodge: Dodged            |    46 |       ||    46
